[Event "9. Korbacher Open 2017"]
[Site "Korbach"]
[Date "2017.10.21"]
[Round "5"]
[White "Petras, Nils"]
[Black "Hansen, Flemming Haupt"]
[Result "1/2-1/2"]
[ECO "A05"]
[WhiteElo "1922"]
[BlackElo "2121"]
[Annotator "NA"]
[PlyCount "79"]
[EventDate "2017.??.??"]
[EventType "swiss"]
[EventCountry "GER"]
[SourceTitle "playchess.com"]
[Source "ChessBase"]
[SourceQuality "1"]
[TimeControl "40/5400+30:1800+30"]

1. Nf3 Nf6 2. c4 g6 3. Nc3 d5 4. cxd5 Nxd5 5. g3 Bg7 6. Bg2 O-O 7. O-O c6 8. Qb3 Nb6 9. d4 Be6 10. Qc2 Na6 11. a3 Qc8 12. Bf4 Nc4 13. e4 Bg4 14. b3 Bxf3 15. Bxf3 e5 16. bxc4 exf4 17. Rad1 Qe6 18. Ne2 fxg3 19. hxg3 Rad8 20. Kg2 Rfe8 21. e5 Qe7 22. Qb3 Rb8 23. Nf4 Nc7 24. Rfe1 g5 25. Nh5 Bh8 26. Qd3 Ne6 27. Qf5 Nf8 28. Nf6+ Bxf6 29. exf6 Qxa3 30. Qxg5+ Ng6 31. Qh6 Qf8 32. Qh5 Rxe1 33. Rxe1 Rd8 34. Rh1 h6 35. Be4 Kh7 36. d5 Rd6 37. Qf5 Qd8 38. Rxh6+ Kxh6 39. Qh3+ Kg5 40. Qf5+ 1/2-1/2

[Event "9. Korbacher Open 2017"]
[Site "Korbach"]
[Date "2017.10.21"]
[Round "5"]
[White "Wuestehube, Harry"]
[Black "Rutz, Matthias"]
[Result "1/2-1/2"]
[ECO "B12"]
[WhiteElo "1906"]
[BlackElo "2046"]
[Annotator "NA"]
[PlyCount "39"]
[EventDate "2017.??.??"]
[EventType "swiss"]
[EventCountry "GER"]
[SourceTitle "playchess.com"]
[Source "ChessBase"]
[SourceQuality "1"]
[TimeControl "40/5400+30:1800+30"]

1. e4 c6 2. d4 d5 3. e5 c5 4. dxc5 e6 5. a3 Nc6 6. Nf3 Bxc5 7. b4 Bb6 8. Bb2 Nge7 9. Bd3 Ng6 10. O-O O-O 11. c4 dxc4 12. Bxc4 Bc7 13. Qe2 a6 14. Nbd2 Ncxe5 15. Nxe5 Nxe5 16. Bxe5 Bxe5 17. Qxe5 Qxd2 18. Rfd1 Qh6 19. Be2 Qf6 20. Qc7 1/2-1/2

[Event "9. Korbacher Open 2017"]
[Site "Korbach"]
[Date "2017.10.21"]
[Round "5"]
[White "Buese, Ralf"]
[Black "Koerber, Thomas"]
[Result "1/2-1/2"]
[ECO "A45"]
[WhiteElo "1892"]
[BlackElo "1857"]
[Annotator "NA"]
[PlyCount "32"]
[EventDate "2017.??.??"]
[EventType "swiss"]
[EventCountry "GER"]
[SourceTitle "playchess.com"]
[Source "ChessBase"]
[SourceQuality "1"]
[TimeControl "40/5400+30:1800+30"]

1. d4 Nf6 2. Bf4 d5 3. e3 e6 4. Bd3 Nc6 5. Nf3 Bd6 6. Bg3 Ne4 7. Bh4 Be7 8. Bxe7 Qxe7 9. c3 O-O 10. O-O a6 11. a4 e5 12. dxe5 Nxe5 13. Nxe5 Qxe5 14. Nd2 Nxd2 15. Qxd2 Bf5 16. Bxf5 Qxf5 1/2-1/2

[Event "9. Korbacher Open 2017"]
[Site "Korbach"]
[Date "2017.10.21"]
[Round "5"]
[White "Lehmann, Tim"]
[Black "Boehme, Jonas"]
[Result "1/2-1/2"]
[ECO "A80"]
[WhiteElo "1865"]
[BlackElo "1675"]
[Annotator "NA"]
[PlyCount "41"]
[EventDate "2017.??.??"]
[EventType "swiss"]
[EventCountry "GER"]
[SourceTitle "playchess.com"]
[Source "ChessBase"]
[SourceQuality "1"]
[TimeControl "40/5400+30:1800+30"]

1. d4 f5 2. Bg5 g6 3. h4 Nf6 4. e3 Bg7 5. Nc3 c6 6. Be2 Qb6 7. Rb1 Ne4 8. Nxe4 fxe4 9. Bf4 Qa5+ 10. c3 Qxa2 11. Qc2 d6 12. h5 Be6 13. hxg6 hxg6 14. Rxh8+ Bxh8 15. Nh3 Nd7 16. Ng5 Qb3 17. Bd1 Qxc2 18. Bxc2 Bf5 19. Bxe4 Bxe4 20. Nxe4 O-O-O 21. Ng5 1/2-1/2

[Event "9. Korbacher Open 2017"]
[Site "Korbach"]
[Date "2017.10.21"]
[Round "5"]
[White "Trienekens, Tjark"]
[Black "Koellner, Christof"]
[Result "0-1"]
[ECO "B07"]
[WhiteElo "1865"]
[BlackElo "2073"]
[Annotator "NA RC"]
[PlyCount "103"]
[EventDate "2017.??.??"]
[EventType "swiss"]
[EventCountry "GER"]
[SourceTitle "playchess.com"]
[Source "ChessBase"]
[SourceQuality "1"]
[TimeControl "40/5400+30:1800+30"]

1. e4 d6 2. d4 Nf6 3. Nc3 e5 4. dxe5 dxe5 5. Qxd8+ Kxd8 6. Bc4 Be6 7. Bxe6 fxe6 8. a3 {[%emt 0:04:00] B07: Pirc Defence: Miscellaneous Systems} (8. f3 Nbd7 9. Be3 Bc5 10. Ke2 Ke7 11. Nh3 Bxe3 12. Kxe3 Rhd8 13. Nf2 {½-½ (13) Stevic,H (2618)-Palac,M (2579) Plitvicka Jezera 2013}) 8... Bd6 9. Nf3 Ke7 10. Bg5 Nc6 11. Rd1 a6 $146 ({Predecessor:} 11... h6 12. Bh4 g5 13. Bg3 Nh5 14. Ne2 Rag8 15. c4 a5 16. Nc3 Nf4 17. O-O {0-1 (36) Keller,Y (1608)-Wachsmann,D (1776) Bad Homburg 2015}) 12. h3 b5 13. b4 h6 14. Bxf6+ gxf6 15. Ke2 Rhb8 16. Na2 a5 17. c3 axb4 18. Nxb4 Rb6 19. Ra1 Ra4 20. Nd2 Na5 21. Rhb1 c5 22. Nd3 Nc6 23. Nb2 Raa6 24. a4 b4 25. Nbc4 Rb8 26. Nxd6 Kxd6 27. Nc4+ Ke7 28. Kd3 Rba8 29. a5 R8a7 30. cxb4 cxb4 31. Nb6 Kf7 32. Nc4 Rd7+ 33. Kc2 Rd4 34. Kb3 Kg6 35. Rd1 Rxe4 36. Rd6 Rxc4 37. Kxc4 Nxa5+ 38. Kxb4 Rxd6 39. Kxa5 Rd2 40. Rf1 Rb2 41. Ka4 e4 42. Ka3 Rb6 43. Ka2 Kf5 44. Rc1 Kf4 45. Rc7 Rd6 46. Rc2 Rb6 47. Rc7 f5 48. Rf7 Rd6 49. g4 Rd2+ 50. Kb3 Rxf2 51. Kc4 Rh2 $19 52. Kd4 {Ke5+} 0-1

[Event "9. Korbacher Open 2017"]
[Site "Korbach"]
[Date "2017.10.21"]
[Round "5"]
[White "Flach, Helene"]
[Black "Meyer, Marcel"]
[Result "1/2-1/2"]
[ECO "B18"]
[WhiteElo "1862"]
[BlackElo "1740"]
[Annotator "NA"]
[PlyCount "43"]
[EventDate "2017.??.??"]
[EventType "swiss"]
[EventCountry "GER"]
[SourceTitle "playchess.com"]
[Source "ChessBase"]
[SourceQuality "1"]
[TimeControl "40/5400+30:1800+30"]

1. e4 c6 2. d4 d5 3. Nc3 dxe4 4. Nxe4 Bf5 5. Ng3 Bg6 6. Nf3 e6 7. Bd3 Bxd3 8. Qxd3 Nd7 9. O-O Qc7 10. c4 Ngf6 11. Re1 Bb4 12. Bd2 Bxd2 13. Qxd2 O-O 14. Rad1 Rad8 15. Qc2 Qa5 16. b3 Rfe8 17. Rd2 Nf8 18. Red1 Ng6 19. Ne4 Qf5 20. Nxf6+ Qxf6 21. Qe4 Qf4 22. Qxf4 1/2-1/2

[Event "9. Korbacher Open 2017"]
[Site "Korbach"]
[Date "2017.10.21"]
[Round "5"]
[White "Basovskiy, Jana"]
[Black "Deutsch, Christoph"]
[Result "0-1"]
[ECO "C54"]
[WhiteElo "1825"]
[BlackElo "1755"]
[Annotator "NA"]
[PlyCount "120"]
[EventDate "2017.??.??"]
[EventType "swiss"]
[EventCountry "GER"]
[SourceTitle "playchess.com"]
[Source "ChessBase"]
[SourceQuality "1"]
[TimeControl "40/5400+30:1800+30"]

1. e4 e5 2. Nf3 Nc6 3. Bc4 Bc5 4. c3 Nf6 5. d4 exd4 6. e5 d5 7. Bb5 Ne4 8. cxd4 Bb6 9. Nc3 Bg4 10. Be3 O-O 11. Be2 Nxc3 12. bxc3 f6 13. exf6 Qxf6 14. O-O Rae8 15. Qb3 Ne7 16. Bg5 Qe6 17. Rae1 c6 18. Bd1 Qd6 19. Ne5 Bxd1 20. Qxd1 Ng6 21. Nd3 Bc7 22. g3 b6 23. Bc1 Qf6 24. Qb3 Qf5 25. Rxe8 Rxe8 26. Nb4 Re6 27. Qa4 Qh3 28. Qc2 Nh4 29. f4 Nf3+ 30. Kf2 Nxh2 31. Rg1 Qh5 32. Qd1 Ng4+ 33. Kg2 Qh2+ 34. Kf3 Nf2 35. Qf1 Ne4 36. Qg2 Qxg2+ 37. Rxg2 Nxc3 38. Rc2 a5 39. Nxc6 Rxc6 40. Bb2 b5 41. Rxc3 Rc4 42. Ke3 Kf7 43. a3 Bb6 44. Rb3 b4 45. axb4 axb4 46. g4 Kf6 47. Ba1 g6 48. Rb1 Bc7 49. Rh1 Kg7 50. Rb1 Bd6 51. Kf3 Rc7 52. Re1 Rf7 53. f5 gxf5 54. gxf5 Rxf5+ 55. Kg2 Kf7 56. Bb2 h5 57. Rc1 Ke7 58. Rc8 Rf8 59. Rc1 Kd7 60. Kh3 Rf2 0-1

[Event "9. Korbacher Open 2017"]
[Site "Korbach"]
[Date "2017.10.21"]
[Round "5"]
[White "Shkolnyk, Boris"]
[Black "Simukov, Erik"]
[Result "1-0"]
[ECO "D12"]
[WhiteElo "1812"]
[BlackElo "1621"]
[Annotator "NA"]
[PlyCount "87"]
[EventDate "2017.??.??"]
[EventType "swiss"]
[EventCountry "GER"]
[SourceTitle "playchess.com"]
[Source "ChessBase"]
[SourceQuality "1"]
[TimeControl "40/5400+30:1800+30"]

1. d4 d5 2. Nf3 Nf6 3. e3 Bf5 4. c4 c6 5. Nc3 e6 6. Be2 Bd6 7. O-O h6 8. Qb3 Qc7 9. Bd2 Nbd7 10. h3 O-O 11. Rac1 a6 12. cxd5 exd5 13. Qd1 Rfe8 14. Ne1 Qd8 15. Bd3 Bxd3 16. Nxd3 Ne4 17. f4 Qe7 18. Ne5 f5 19. Nxe4 fxe4 20. Be1 Nxe5 21. fxe5 Bc7 22. Qg4 Bd8 23. Rf6 Rf8 24. Rxh6 Qg5 25. Qe6+ Rf7 26. Qe8+ Rf8 27. Rh8+ Kxh8 28. Qxf8+ Kh7 29. Bd2 Ba5 30. Qf2 Bxd2 31. Qxd2 Rf8 32. Rf1 Rxf1+ 33. Kxf1 Kg8 34. Qf2 c5 35. h4 Qh5 36. g3 cxd4 37. exd4 Qh6 38. Kg2 Qg6 39. Kh3 Qe6+ 40. g4 Qd7 41. h5 Qb5 42. e6 Qd3+ 43. Kh4 Qd1 44. e7 1-0

[Event "9. Korbacher Open 2017"]
[Site "Korbach"]
[Date "2017.10.21"]
[Round "5"]
[White "Mak, Nico"]
[Black "Kirchner, Markus"]
[Result "0-1"]
[ECO "C06"]
[WhiteElo "1799"]
[BlackElo "1884"]
[Annotator "NA"]
[PlyCount "40"]
[EventDate "2017.??.??"]
[EventType "swiss"]
[EventCountry "GER"]
[SourceTitle "playchess.com"]
[Source "ChessBase"]
[SourceQuality "1"]
[TimeControl "40/5400+30:1800+30"]

1. e4 e6 2. d4 d5 3. Nd2 Nf6 4. e5 Nfd7 5. Bd3 c5 6. c3 Nc6 7. Ne2 cxd4 8. cxd4 f6 9. exf6 Nxf6 10. Nf3 Bd6 11. Bf4 O-O 12. O-O Re8 13. Bxd6 Qxd6 14. Nc3 e5 15. dxe5 Nxe5 16. Nxe5 Rxe5 17. Nb5 Qb6 18. Qd2 a6 19. Nd4 Ne4 20. Qf4 Qxd4 0-1

[Event "9. Korbacher Open 2017"]
[Site "Korbach"]
[Date "2017.10.21"]
[Round "5"]
[White "Van de Griend, Johan"]
[Black "Thomas, Ingo"]
[Result "0-1"]
[ECO "B00"]
[WhiteElo "1797"]
[BlackElo "2129"]
[Annotator "NA"]
[PlyCount "84"]
[EventDate "2017.??.??"]
[EventType "swiss"]
[EventCountry "GER"]
[SourceTitle "playchess.com"]
[Source "ChessBase"]
[SourceQuality "1"]
[TimeControl "40/5400+30:1800+30"]

1. e4 Nc6 2. d4 d5 3. e5 Bf5 4. c3 e6 5. Bd3 Bxd3 6. Qxd3 Qd7 7. Ne2 Nb8 8. O-O c5 9. b3 Na6 10. Bd2 Rc8 11. a3 c4 12. bxc4 Rxc4 13. f4 Ne7 14. Bc1 Nf5 15. Nd2 Rc7 16. Ng3 Nxg3 17. Qxg3 Qc8 18. Bb2 g6 19. Qd3 h5 20. Rac1 Be7 21. c4 dxc4 22. Nxc4 Qd7 23. Qe2 O-O 24. Ne3 Rfc8 25. Rxc7 Nxc7 26. Rc1 Na6 27. Rxc8+ Qxc8 28. g4 hxg4 29. Nxg4 Qc6 30. Nf6+ Bxf6 31. exf6 Qd5 32. Qc2 Qd8 33. Qg2 Qd5 34. Qc2 Qc6 35. Qf2 Qe4 36. h4 Nc7 37. h5 gxh5 38. Bc1 Nd5 39. Qh4 Qg6+ 40. Kh2 Kh7 41. f5 Qxf5 42. Bg5 Kg6 0-1

[Event "9. Korbacher Open 2017"]
[Site "Korbach"]
[Date "2017.10.21"]
[Round "5"]
[White "Bayer, Martin"]
[Black "Launert, Martin"]
[Result "1-0"]
[ECO "C44"]
[WhiteElo "1732"]
[BlackElo "1879"]
[Annotator "NA RC"]
[PlyCount "135"]
[EventDate "2017.??.??"]
[EventType "swiss"]
[EventCountry "GER"]
[SourceTitle "playchess.com"]
[Source "ChessBase"]
[SourceQuality "1"]
[TimeControl "40/5400+30:1800+30"]

1. e4 e5 2. Nf3 Nc6 3. d4 exd4 4. Bc4 d6 5. Nxd4 Nf6 6. Nc3 Be7 7. O-O O-O 8. h3 Bd7 9. f4 a6 {[%emt 0:06:35] C50: Italienische Partie} (9... Re8 10. Nf3 h6 11. e5 dxe5 12. Ng5 hxg5 13. fxg5 Be6 14. Bxe6 Bc5+ 15. Kh1 Rxe6 16. gxf6 Rxf6 17. Ne4 Rxf1+ 18. Qxf1 {0-1 (62) Kalashnikov,K (2399)-Grachev,J (2352) Novosibirsk 2001}) 10. Be3 b5 11. Bd3 Nxd4 12. Bxd4 Bc6 $146 ({Vorgänger:} 12... c5 13. Be3 Bc6 14. e5 dxe5 15. fxe5 Nd5 16. Qd2 Nxc3 17. Qxc3 {½-½ (35) Rueda Delgado,F (1981)-Ramirez Rus,E (2055) Mondariz 2004}) 13. a3 Bb7 14. Re1 c5 15. Bf2 Qc7 16. e5 Qc6 17. Be4 Nxe4 18. Nxe4 d5 19. Nd2 d4 20. Ne4 f5 21. exf6 Bxf6 22. Qg4 Rad8 23. Re2 d3 24. cxd3 Rxd3 25. Bxc5 Bc8 26. Qh5 g6 27. Qh6 Bg7 28. Qg5 Rf5 29. Qe7 Bf8 30. Qe8 Bd7 31. Qd8 Qc8 32. Qxc8 Bxc8 33. Bxf8 Rxf8 34. Rf1 Kg7 35. Kh2 h6 36. g3 g5 37. Nc5 Rd6 38. Kg2 Rf5 39. Ne4 Rd3 40. Rf3 Rxf3 41. Kxf3 Bb7 42. Kg4 Kg6 43. fxg5 hxg5 44. h4 Re5 45. Nc3 Bc8+ 46. Kf3 Rf5+ 47. Ke4 gxh4 48. gxh4 Bb7+ 49. Kd4 Kh5 $18 {[%emt 0:00:00] [#]} (49... Rh5 $16 {is more resistant.}) 50. Re5 $1 Rxe5 51. Kxe5 Kxh4 52. Kd6 Kg5 53. Kc7 Bg2 54. Kb6 Bf1 55. b4 Kf5 56. Kxa6 Ke5 57. Nxb5 Kd5 58. a4 Kc6 59. Ka5 Kb7 60. Nd4 Bd3 61. b5 Bf1 62. Kb4 Ka7 63. a5 Kb7 64. Kc5 Bg2 65. a6+ Ka7 66. Nc6+ Ka8 67. b6 Bxc6 68. Kxc6 1-0

[Event "9. Korbacher Open 2017"]
[Site "Korbach"]
[Date "2017.10.21"]
[Round "5"]
[White "Sakhra, Roman"]
[Black "Held, Martin"]
[Result "1/2-1/2"]
[ECO "D00"]
[WhiteElo "1489"]
[BlackElo "1821"]
[Annotator "NA"]
[PlyCount "68"]
[EventDate "2017.??.??"]
[EventType "swiss"]
[EventCountry "GER"]
[SourceTitle "playchess.com"]
[Source "ChessBase"]
[SourceQuality "1"]
[TimeControl "40/5400+30:1800+30"]

1. d4 d5 2. Bf4 Bf5 3. e3 Nf6 4. Nf3 e6 5. Nh4 Bg4 6. Nf3 Nh5 7. Bg3 Nxg3 8. hxg3 c5 9. c3 Nc6 10. Be2 Qb6 11. Qb3 Qxb3 12. axb3 cxd4 13. exd4 Bf5 14. Nbd2 h6 15. Bb5 Bd6 16. Ne5 Bxe5 17. dxe5 Kd7 18. Nf3 Be4 19. Nd2 Bxg2 20. Rh2 Be4 21. Nxe4 dxe4 22. Rh4 a6 23. Bxc6+ Kxc6 24. Rd1 Rad8 25. Rxd8 Rxd8 26. Rxe4 Rd5 27. Ke2 Rb5 28. b4 a5 29. f4 axb4 30. Rc4+ Kd7 31. Rd4+ Ke7 32. cxb4 Rd5 33. Rc4 Kd7 34. Ke3 b5 1/2-1/2

[Event "9. Korbacher Open 2017"]
[Site "Korbach"]
[Date "2017.10.21"]
[Round "5"]
[White "Hildebrand, Georg"]
[Black "Achermann, Didier"]
[Result "0-1"]
[ECO "A16"]
[WhiteElo "1477"]
[BlackElo "1811"]
[Annotator "NA"]
[PlyCount "120"]
[EventDate "2017.??.??"]
[EventType "swiss"]
[EventCountry "GER"]
[SourceTitle "playchess.com"]
[Source "ChessBase"]
[SourceQuality "1"]
[TimeControl "40/5400+30:1800+30"]

1. c4 Nf6 2. Nc3 g6 3. g3 Bg7 4. Bg2 O-O 5. Nf3 d6 6. O-O c5 7. d3 Nc6 8. a3 Bd7 9. Kh1 Re8 10. Ng1 Rb8 11. Rb1 Qc8 12. b4 cxb4 13. axb4 a6 14. b5 Nd4 15. b6 Bc6 16. Nd5 Nxd5 17. cxd5 Bb5 18. Bd2 Qd8 19. Ba5 Rc8 20. Qd2 Bd7 21. Rfc1 Rxc1 22. Qxc1 Nb5 23. e3 Qb8 24. d4 Rc8 25. Qb2 Kf8 26. Rc1 Rxc1 27. Qxc1 Qc8 28. Qb2 Qc4 29. Qb4 Qc1 30. Qd2 Qxd2 31. Bxd2 Ke8 32. Bb4 Kd8 33. Ne2 Kc8 34. h4 h5 35. Kh2 Bf6 36. f4 e6 37. Bf3 Bd8 38. Ba5 Na3 39. dxe6 Bxe6 40. d5 Bd7 41. Nd4 Nc4 42. Bb4 Bxb6 43. Nc6 Bxe3 44. Ne7+ Kd8 45. Ng8 a5 46. Bc3 Bb6 47. Be2 Ne3 48. Bf3 Bb5 49. Bf6+ Kd7 50. Nh6 Ke8 51. Ng8 Bc4 52. Ne7 a4 53. Nc8 Bc5 54. Ne7 a3 55. Nc6 Bxd5 56. Bxd5 Nxd5 57. Bd4 bxc6 58. Bxc5 dxc5 59. Kh3 a2 60. g4 a1=Q 0-1

[Event "9. Korbacher Open 2017"]
[Site "Korbach"]
[Date "2017.10.21"]
[Round "5"]
[White "Mohammadi, Sholeh"]
[Black "Rehbein, Ullrich"]
[Result "0-1"]
[ECO "A16"]
[WhiteElo "1190"]
[BlackElo "1778"]
[Annotator "NA"]
[PlyCount "114"]
[EventDate "2017.??.??"]
[EventType "swiss"]
[EventCountry "GER"]
[SourceTitle "playchess.com"]
[Source "ChessBase"]
[SourceQuality "1"]
[TimeControl "40/5400+30:1800+30"]

1. c4 Nf6 2. Nc3 g6 3. f4 Bg7 4. Nf3 O-O 5. e4 d6 6. d4 c5 7. Be3 Ng4 8. Bg1 cxd4 9. Nxd4 Nc6 10. Nxc6 bxc6 11. Be2 Nh6 12. Be3 f5 13. Bf3 fxe4 14. Bxe4 Rb8 15. Rb1 Rxb2 16. Rxb2 Bxc3+ 17. Rd2 d5 18. O-O Bxd2 19. Qxd2 dxe4 20. Qxd8 Rxd8 21. Bxa7 Bf5 22. Bc5 Rd2 23. Rf2 Rxf2 24. Kxf2 e5 25. Kg3 exf4+ 26. Kxf4 Ng4 27. h3 Nf6 28. a4 Be6 29. Kg5 Nd7 30. Be3 Bxc4 31. Kf4 Bd3 32. a5 Nf6 33. Ke5 Kf7 34. Kd6 Nd5 35. Bd2 e3 36. Be1 Nf4 37. Kxc6 Nxg2 38. Bg3 e2 39. Kc5 e1=Q 40. Bxe1 Nxe1 41. Kd4 g5 42. Ke3 Ba6 43. Kf2 Nd3+ 44. Kg3 h5 45. h4 g4 46. Kh2 Kf6 47. Kg3 Kf5 48. Kh2 Kf4 49. Kg2 Ne1+ 50. Kf2 g3+ 51. Kxe1 Ke3 52. Kd1 g2 53. Kc2 g1=Q 54. Kc3 Qc1+ 55. Kb4 Kd3 56. Kb3 Qb1+ 57. Ka3 Kc3 0-1

[Event "9. Korbacher Open 2017"]
[Site "Korbach"]
[Date "2017.10.22"]
[Round "6"]
[White "Roeberg, Frank"]
[Black "Nielsen, Klaus"]
[Result "1-0"]
[ECO "B01"]
[WhiteElo "2194"]
[BlackElo "2092"]
[Annotator "NA"]
[PlyCount "55"]
[EventDate "2017.??.??"]
[EventType "swiss"]
[EventCountry "GER"]
[SourceTitle "playchess.com"]
[Source "ChessBase"]
[SourceQuality "1"]
[TimeControl "40/5400+30:1800+30"]

1. e4 d5 2. exd5 Qxd5 3. Nf3 Nf6 4. d4 c6 5. c4 Qa5+ 6. Nc3 Ne4 7. Qb3 Nxc3 8. bxc3 g6 9. Bd3 Bg7 10. O-O O-O 11. Re1 Re8 12. Bf4 Nd7 13. c5 $16 Nf6 14. Bc4 e6 15. Bf1 b6 16. Bd6 bxc5 17. Bxc5 Nd7 18. Bb4 Qc7 19. Qa3 c5 20. Ba5 Qf4 21. Rab1 a6 22. g3 Qd6 23. Bg2 Rb8 24. dxc5 Qd3 25. Rbd1 Qc4 26. c6 Nb6 27. Qd6 Qxa2 28. Ra1 1-0

[Event "9. Korbacher Open 2017"]
[Site "Korbach"]
[Date "2017.10.22"]
[Round "6"]
[White "Koellner, Ruben Gideon"]
[Black "Wachsmann, Dietmar"]
[Result "1-0"]
[ECO "D00"]
[WhiteElo "2148"]
[BlackElo "1930"]
[Annotator "NA"]
[PlyCount "95"]
[EventDate "2017.??.??"]
[EventType "swiss"]
[EventCountry "GER"]
[SourceTitle "playchess.com"]
[Source "ChessBase"]
[SourceQuality "1"]
[TimeControl "40/5400+30:1800+30"]

1. d4 d5 2. Bf4 Nf6 3. e3 c5 4. c3 Nc6 5. Nd2 Bf5 6. Qb3 Qd7 7. Ngf3 e6 8. Ne5 Qc8 9. Bb5 Nd7 10. Nxd7 Qxd7 11. Qd1 (11. e4 $14 Bg6 12. exd5 exd5 13. O-O) 11... Bd6 $11 12. Bg3 a6 13. Ba4 Rc8 14. Rc1 O-O 15. Bc2 Bxc2 16. Rxc2 cxd4 17. exd4 e5 18. dxe5 Bxe5 19. O-O Bxg3 20. hxg3 Rfd8 21. Nf3 d4 22. Rd2 d3 23. Qb1 Qf5 24. Rfd1 g6 25. Rxd3 Rxd3 26. Qxd3 Rd8 27. Qe2 Rxd1+ 28. Qxd1 Qb5 29. Qb3 Qxb3 30. axb3 Kg7 31. Kf1 Kf6 32. Ke2 h6 33. Kd3 Ke6 34. Nd4+ Kd5 35. Nxc6 bxc6 36. b4 g5 37. g4 Ke5 38. Ke3 f5 39. f3 f4+ 40. Kd3 Kd5 41. c4+ Ke5 42. b3 Ke6 43. Ke4 Kd6 44. Kd4 Kd7 45. Kc5 Kc7 46. b5 axb5 47. cxb5 cxb5 48. Kxb5 1-0

[Event "9. Korbacher Open 2017"]
[Site "Korbach"]
[Date "2017.10.22"]
[Round "6"]
[White "Trunz, Elena"]
[Black "Van der Meiden, Dirk"]
[Result "1-0"]
[ECO "B13"]
[WhiteElo "2127"]
[BlackElo "1958"]
[Annotator "NA"]
[PlyCount "97"]
[EventDate "2017.??.??"]
[EventType "swiss"]
[EventCountry "GER"]
[SourceTitle "playchess.com"]
[Source "ChessBase"]
[SourceQuality "1"]
[TimeControl "40/5400+30:1800+30"]

1. e4 c6 2. d4 d5 3. exd5 cxd5 4. c4 Nf6 5. Nc3 Nc6 6. cxd5 Nxd5 7. Nf3 e6 8. Bd3 Be7 9. O-O O-O 10. a3 {[%emt 0:05:17] LiveBook: 315 Games} h6 {[%emt 0:02:45] D42: Queen's Gambit Declined: Semi-Tarrasch: 5 cxd5 Nxd5 6 e3 Nc6 7 Bd3} (10... b6 11. Nxd5 Qxd5 12. Qc2 Bb7 13. Bxh7+ Kh8 14. Be4 Nxd4 15. Bxd5 Nxc2 16. Bxb7 Nxa1 17. Bxa8 Rxa8 18. Bg5 f6 19. Rxa1 fxg5 20. Rc1 {½-½ (33) Giri,A (2764)-So,W (2789) Leuven 2017}) 11. Bc2 Nf6 12. Qd3 Qa5 13. Bd2 $146 ({Predecessor:} 13. Bf4 Rd8 14. d5 Rxd5 15. Nxd5 Qxd5 16. Rfd1 Qxd3 17. Rxd3 Nd5 18. Bg3 Bf6 19. Rb1 {1-0 (43) Prudnikova,S (2426)-Mar,K (2236) Istanbul 2003}) 13... Qh5 14. Rfe1 Rd8 15. Ne4 b6 16. Nxf6+ Bxf6 17. Qh7+ Kf8 18. Be4 Bb7 $18 19. d5 Rxd5 20. Bxd5 Qxd5 21. Rad1 Qb5 22. Bc3 Bxc3 23. bxc3 Ne7 24. Ne5 Bc6 25. Rd6 Be8 26. Qd3 Rc8 27. Rd8 Qxd3 28. Rxd3 Bb5 29. c4 Ba6 30. Red1 Nc6 31. Nxc6 Rxc6 32. Rd8+ Ke7 33. R1d7+ Kf6 34. Rf8 Bxc4 35. Rfxf7+ Ke5 36. Rxa7 g6 37. f3 b5 38. Rfd7 Bd5 39. Rdc7 Rb6 40. Rg7 Kf6 41. Raf7+ Kg5 42. f4+ Kh5 43. g4+ Kxg4 44. Rxg6+ Kf3 45. f5 Ke4 46. Rxh6 b4 47. axb4 Ke5 48. Rh4 exf5 49. Re7+ 1-0

[Event "9. Korbacher Open 2017"]
[Site "Korbach"]
[Date "2017.10.22"]
[Round "6"]
[White "Hansen, Flemming Haupt"]
[Black "Hagedorn, Alfons"]
[Result "1-0"]
[ECO "B50"]
[WhiteElo "2121"]
[BlackElo "1923"]
[Annotator "NA"]
[PlyCount "67"]
[EventDate "2017.??.??"]
[EventType "swiss"]
[EventCountry "GER"]
[SourceTitle "playchess.com"]
[Source "ChessBase"]
[SourceQuality "1"]
[TimeControl "40/5400+30:1800+30"]

1. e4 c5 2. Nf3 d6 3. c3 Nf6 4. Be2 g6 5. O-O Bg7 6. h3 O-O 7. d3 Nc6 8. Re1 h6 9. Bf1 e5 10. Na3 {[%emt 0:02:29] B50: Sicilian: 2...d6, Miscellaneous} Nh7 $146 ({Predecessor:} 10... Re8 11. g3 Be6 12. Bg2 Qd7 13. Kh2 d5 14. exd5 Nxd5 15. Nc4 f6 16. a4 Rad8 17. Nfd2 b6 {0-1 (44) Verducci Silvelo,S (2518)-Gronkowski,D (2384) ICCF email 2004}) 11. d4 cxd4 12. cxd4 exd4 13. Nb5 Qf6 14. b3 Ng5 15. Nxg5 hxg5 16. Nc7 Rb8 17. Nd5 Qd8 18. Qd2 f6 19. Bc4 Be6 20. Bb2 b5 21. Nb4 bxc4 22. Nxc6 Qb6 23. Nxd4 Bf7 24. Re3 Rfe8 25. Rd1 g4 26. Qe2 Bh6 $11 (26... gxh3 $15 27. Rxh3 d5) 27. Rg3 f5 28. hxg4 Rxe4 29. Qf3 Bd5 30. Nxf5 Re1+ 31. Rxe1 Bxf3 32. Nxh6+ Kh7 33. Re7+ Kxh6 34. g5+ 1-0

[Event "9. Korbacher Open 2017"]
[Site "Korbach"]
[Date "2017.10.22"]
[Round "6"]
[White "Heinemann, Ernst"]
[Black "Maiwald, Harald"]
[Result "1-0"]
[ECO "B31"]
[WhiteElo "2099"]
[BlackElo "2014"]
[Annotator "NA"]
[PlyCount "109"]
[EventDate "2017.??.??"]
[EventType "swiss"]
[EventCountry "GER"]
[SourceTitle "playchess.com"]
[Source "ChessBase"]
[SourceQuality "1"]
[TimeControl "40/5400+30:1800+30"]

1. e4 c5 2. Nf3 Nc6 3. Bb5 g6 4. O-O Bg7 5. c3 Nf6 6. e5 Nd5 7. d4 cxd4 8. cxd4 O-O 9. Nc3 Nc7 10. Bf4 Nxb5 {[%emt 0:15:55] LiveBook: 35 Games} 11. Nxb5 Qb6 {[%emt 0:02:03] B31: Sicilian: 2...Nc6 3 Bb5 g6} (11... a6 12. Nc3 d6 13. exd6 exd6 14. h3 d5 15. Re1 Be6 16. Qd2 Re8 17. Re2 Qb6 18. Rae1 Nxd4 19. Nxd4 Qxd4 20. Qxd4 Bxd4 21. Nxd5 Rac8 22. Bd6 Kh8 23. Nc7 Red8 24. Nxe6 Rxd6 25. Nxd4 Rxd4 26. Re7 Kg7 27. R1e2 b5 {½-½ (27) Zvjaginsev,V (2636)-Bacrot,E (2722) Moscow 2009}) 12. a4 a6 13. Na3 $146 ({Predecessor:} 13. Nc3 Qxb2 14. Nd5 d6 15. exd6 exd6 16. Rb1 Qa2 17. Nb6 Bg4 18. Nxa8 Nxd4 19. Nb6 Ne2+ 20. Kh1 Nxf4 21. Qxd6 Ne6 22. Qd5 {½-½ (22) Schneider,D (2401)-Jianu,V (2401) Heraklio 2002}) 13... d5 14. exd6 Bg4 {[%emt 0:05:19] [#]} 15. d5 $1 Bxf3 16. gxf3 exd6 17. dxc6 bxc6 18. Rb1 d5 19. b4 Rfe8 20. Qd3 Bf8 21. Nc2 Rad8 22. Ne3 $18 Bxb4 23. a5 Qxa5 24. Ng4 Re6 25. Nh6+ Kf8 26. Qd4 Bc3 27. Qa7 Re7 28. Rb7 Bb4 29. Bc7 Bc5 30. Bxa5 Bxa7 31. Rxe7 Kxe7 32. Bxd8+ Kxd8 33. Ra1 Kd7 34. Rxa6 Bd4 35. Ng4 Kd6 36. Kf1 Kc5 37. Ne3 Kb5 38. Ra8 Be5 39. h3 d4 40. Re8 f6 41. Ng4 Bf4 42. Nxf6 c5 43. Ke2 c4 44. Ne4 d3+ 45. Kd1 Kb4 46. Re7 c3 47. Nxc3 Kxc3 48. Rxh7 Kd4 49. Rd7+ Kc3 50. Rf7 g5 51. h4 Kd4 52. h5 Ke5 53. h6 Ke6 54. Rxf4 gxf4 55. h7 1-0